 Dungeon Crawl Stone Soup version 0.31-a0-152-g6aa68a64a1 (webtiles) character file.

Game seed: 3805645944666892047

36 qw the Shooter (level 3, -4/31 HPs)
             Began as a Minotaur Hunter on June 9, 2023.
             Slain by Terence
             ... wielding a +0 trident of freezing
              (10 damage)
             ... on level 2 of the Dungeon.
             The game lasted 00:00:21 (981 turns).

qw the Shooter (Minotaur Hunter)                     Turns: 981, Time: 00:00:22

Health: -4/31      AC:  6    Str: 15    XL:     3   Next: 19%
Magic:  2/2        EV: 11    Int:  6    God:
Gold:   117        SH:  0    Dex: 15    Spells: 2/2 levels left

rFire   . . .        Y - +0 shortbow
rCold   . . .        (shield currently unavailable)
rNeg    . . .        e - +0 ring mail
rPois   .            (helmet restricted)
rElec   .            (no cloak)
rCorr   .            (no gloves)
SInv    .            f - +0 pair of boots
Will    .....        (no amulet)
Stlth   +            (no ring)
HPRegen 0.25/turn    (no ring)
MPRegen 0.08/turn

%: no passive effects
@: no status effects
A: horns 2, retaliatory headbutt
a: no special abilities


You were on level 2 of the Dungeon.
You visited 1 branch of the dungeon, and saw 2 of its levels.

You collected 117 gold pieces.


Innate Abilities, Weirdness & Mutations

You have a pair of horns on your head.
You reflexively headbutt those who attack you in melee.


   Skills:
 - Level 3.0 Fighting
 - Level 5.3 Ranged Weapons
 + Level 0.0 Armour
 - Level 2.1 Dodging
 - Level 0.7 Stealth


You had 2 spell levels left.
You didn't know any spells.
Your spell library was empty.

Inventory:

Hand Weapons
 Y - a +0 shortbow (weapon)
Armour
 e - a +0 ring mail (worn)
 f - a +0 pair of boots (worn)
Scrolls
 a - a scroll of identify
 c - a scroll of noise {unknown}
 d - a scroll of silence {unknown}
Potions
 g - a potion of curing

Dungeon Overview and Level Annotations

Branches:
Dungeon (2/15)

Altars:

Annotations:
D:2 Terence


Message History

Terence freezes you. Terence says, "How do you enjoy it?"
Terence hits you from afar with a +0 trident of freezing.
Terence freezes you.
Enter note:
Enter note:
Enter note:
970 ||| READING scroll labelled DIRAAG YDIA.
As you read the scroll labelled DIRAAG YDIA, it crumbles to dust.
It is a scroll of enchant armour.
Really abort (and waste the scroll)?
A giant cockroach comes into view.
Terence hits you from afar with a +0 trident of freezing.
Terence freezes you.
Enter note:
972 ||| FLEEEEING.
973 ||| FLEEEEING.
You shoot an arrow. The arrow hits Terence.
Terence is lightly wounded.
Terence barely misses you.
You shoot an arrow. The arrow barely misses Terence.
Terence misses you.
You shoot an arrow. The arrow hits Terence.
Terence is moderately wounded.
Terence closely misses you.
You shoot an arrow. The arrow hits Terence!
Terence is severely wounded.
Terence barely misses you. Terence closely misses you.
You shoot an arrow. The arrow barely misses Terence.
Terence hits you from afar with a +0 trident of freezing.
Terence freezes you.
You shoot an arrow. The arrow barely misses Terence.
Terence barely misses you.
You shoot an arrow.
The arrow hits Terence but does no damage.
Terence is severely wounded.
Terence closely misses you.
You shoot an arrow. The arrow closely misses Terence.
Terence hits you from afar with a +0 trident of freezing!
You die...

#.#..
#.......#
#..#
#####.###
## #.#
#########
#<#
B.......#
#.# #.#
#.# #@#
#.#
#.####.#
#.@....#
########


You could see Terence.

Vanquished Creatures
  4 dart slugs (D:1)
  2 endoplasms (D:1)
  2 giant cockroaches (D:1)
  2 goblins (D:1)
  2 hobgoblins (D:1)
  2 quokkas (D:1)
  5 ball pythons (D:1)
  3 bats (D:1)
  2 frilled lizards (D:1)
  2 kobolds (D:1)
  A rat (D:1)
27 creatures vanquished.

Notes
Turn   | Place    | Note
-------+----------+-------------------------------------------
     0 | D:1      | qw the Minotaur Hunter began the quest for the Orb.
     0 | D:1      | Reached XP level 1. HP: 18/18 MP: 0/0
     0 | D:1      | 0 ||| qw: Version: 0.2-a-121-gba3a3e5
     0 | D:1      | 0 ||| qw: Game counter: 3178
     0 | D:1      | 0 ||| qw: Always use a shield: true
     0 | D:1      | 0 ||| qw: God list: Okawaru
     0 | D:1      | 0 ||| qw: Allow faded altars: false
     0 | D:1      | 0 ||| qw: Do Orc after D:15 true
     0 | D:1      | 0 ||| qw: Do second Lair branch before Depths: true
     0 | D:1      | 0 ||| qw: Lair rune preference: random
     0 | D:1      | 0 ||| qw: Plans: Normal
     0 | D:1      | 0 ||| PLANNING D:1-11
    79 | D:1      | Reached XP level 2. HP: 25/25 MP: 1/1
   146 | D:1      | Reached skill level 5 in Ranged Weapons
   170 | D:1      | 170 ||| Stepping ~*~*~tactically~*~*~ (outnumbered).
   503 | D:1      | Reached skill level 3 in Fighting
   632 | D:1      | Reached XP level 3. HP: 31/31 MP: 2/2
   810 | D:1      | 810 ||| UPGRADING to +0 ring mail.
   820 | D:1      | 820 ||| DROPPING +0 leather armour.
   821 | D:1      | 821 ||| UPGRADING to +0 pair of boots.
   826 | D:1      | 826 ||| READING 2 scrolls labelled EHUEHE SIRE.
   827 | D:1      | 827 ||| DRINKING 2 bubbling silvery potions.
   828 | D:1      | 828 ||| DROPPING scroll of butterflies.
   882 | D:2      | 882 ||| STAIRDANCE
   940 | D:2      | Found a faded altar of an unknown god.
   967 | D:2      | Noticed Terence
   970 | D:2      | 970 ||| READING scroll labelled DIRAAG YDIA.
   970 | D:2      | HP: 7/31 [Terence/+0 trident of freezing (1)]
   972 | D:2      | 972 ||| FLEEEEING.
   973 | D:2      | 973 ||| FLEEEEING.
   978 | D:2      | HP: 6/31 [Terence/+0 trident of freezing (4)]
   981 | D:2      | Slain by Terence

Levels and vault maps discovered:
D:1:      minmay_arrival_up_and_down, layout_basic, serial_aquarium,
          aquarium_bridge_island_small [aquarium_subvault_small_open,
          aquarium_subvault_bridge, aquarium_subvault_wall,
          aquarium_subvault_wall, aquarium_subvault_wall], aquarium_window_1,
          aquarium_window_corner, aquarium_view_2c, aquarium_view_2d,
          aquarium_pool_S
D:2:      layout_loops_cross, shapermc_ecumenical_altar_venn,
          minmay_heptomino_w4, uniq_terence

Skill      XL: |  1  2 |
---------------+-------+-----
Ranged Weapons | 5 |  5.3
Fighting       | 3 |  3.0
Dodging        | |  2.1
Stealth        | |  0.7

Action                     || total
---------------------------++-------
   Fire: Shortbow          ||    89
    Use: Scroll            ||     2
         Potion            ||     1
 Armour: Leather armour    ||     8
  Dodge: Dodged            ||    22

Table legend:
 A = Non-vault XP
 B = Vault XP
 C = Vault XP percentage of total XP
 D = Non-vault monster count
 E = Vault monster count
 F = Vault count percentage of total count
                 A         B        C        D         E       F
            +---------+---------+-------+---------+---------+-------
      Total |      52 |       0 |   0.0 |      27 |       0 |   0.0
            +---------+---------+-------+---------+---------+-------
        D:1 |      52 |       0 |   0.0 |      27 |       0 |   0.0
            +---------+---------+-------+---------+---------+-------
